 Dungeon Crawl Stone Soup version 0.30-a0-243-gaa749bd8e4 (webtiles) character file.

Game seed: 10302259042764814771

19 BritishOli the Trooper (level 2, 0/24 HPs)
             Began as a Demonspawn Fighter on Oct 12, 2022.
             Frozen to death by an endoplasm (3 damage)
             ... on level 1 of the Dungeon.
             The game lasted 00:00:50 (369 turns).

BritishOli the Trooper (Demonspawn Fighter)          Turns: 369, Time: 00:00:50

Health: 0/24       AC:  6    Str: 16    XL:     2   Next: 55%
Magic:  2/2        EV:  8    Int:  9    God:
Gold:   39         SH:  4    Dex: 12    Spells: 1/1 levels left

rFire   . . .      SeeInvis .    a - +0 long sword
rCold   . . .      Faith    .    c - +0 buckler
rNeg    . . .      Spirit   .    b - +0 scale mail
rPois   .          Reflect  .    (no helmet)
rElec   .          Harm     .    (no cloak)
rCorr   .          Rampage  .    (no gloves)
Will    .....                    (no boots)
Stlth   ..........               (no amulet)
HPRegen 0.24/turn                (no ring)
MPRegen 0.08/turn                (no ring)

@: no status effects
A: demonic magic 1
a: no special abilities


You were on level 1 of the Dungeon.
You visited 1 branch of the dungeon, and saw 1 of its levels.

You collected 39 gold pieces.

Inventory:

Hand Weapons
 a - a +0 long sword (weapon)
Armour
 b - a +0 scale mail (worn)
 c - a +0 buckler (worn)
Scrolls
 e - a scroll of vulnerability {unknown}
 g - a scroll of identify {unknown}
Potions
 d - 3 potions of might
 f - a potion of lignification {unknown}


   Skills:
 + Level 3.2 Fighting
 + Level 2.1 Long Blades
 + Level 2.9 Armour
 + Level 2.9 Shields


You had one spell level left.
You didn't know any spells.
Your spell library contained the following spells:

 Spells                   Type           Power      Damage    Failure   Level
 Hailstorm                Conj/Ice       0%         3d3       99%         3
 Ice Form                 Ice/Tmut       0%         N/A       100%        4
 Simulacrum               Ice/Necr       0%         N/A       100%        6


Dungeon Overview and Level Annotations

Branches:
Dungeon (1/15)

Altars:


Innate Abilities, Weirdness & Mutations

Spells you cast may paralyse adjacent enemies.


Message History

You hit the hobgoblin but do no damage.
The hobgoblin is heavily wounded.
The endoplasm closely misses you. The hobgoblin closely misses you.
The endoplasm hits you but does no damage.
The hobgoblin hits you.
There are monsters nearby!
You hit the hobgoblin.
The hobgoblin is severely wounded.
The endoplasm hits you but does no damage.
You block the hobgoblin's attack.
There are monsters nearby!
You hit the hobgoblin but do no damage.
The hobgoblin is severely wounded.
The endoplasm freezes you.
You are frozen.
The hobgoblin barely misses you.
There are monsters nearby!
You slash the hobgoblin!
You kill the hobgoblin!
You block the endoplasm's attack.
The endoplasm hits you but does no damage.
An endoplasm is nearby!
The endoplasm freezes you.
You are frozen.
The endoplasm freezes you.
You are frozen.
The endoplasm freezes you.
You are frozen.
The endoplasm barely misses you. The endoplasm freezes you.
You are frozen.
* * * LOW HITPOINT WARNING * * *
The endoplasm completely misses you. The endoplasm barely misses you.
The endoplasm freezes you.
You are frozen.
* * * LOW HITPOINT WARNING * * *
The endoplasm hits you but does no damage.
The endoplasm freezes you.
You are frozen.
You die...

### .. ##### ## #.###
#...# ... .>..#### #...#
.... #..$... #...#
.....#.#..#.####...# ##
.......#..#........# #..
......J@..###......###..
....##.†...##...........
. #.###.##..........# #.
#.##..........# #.
#......##.....# #..#.
#......##.....# #.##.
#......##...... ###....
#...#####...... ###...#
###..## #......


You could see an endoplasm.

Vanquished Creatures
  2 dart slugs (D:1)
  2 endoplasms (D:1)
  A goblin (D:1)
  3 hobgoblins (D:1)
  2 kobolds (D:1)
  2 ball pythons (D:1)
  A frilled lizard (D:1)
13 creatures vanquished.

Notes
Turn   | Place    | Note
-------+----------+-------------------------------------------
     0 | D:1      | BritishOli the Demonspawn Fighter began the quest for the
                  | Orb.
     0 | D:1      | Reached XP level 1. HP: 18/18 MP: 1/1
   136 | D:1      | Gained mutation: Spells you cast may paralyse adjacent
                  | enemies. [demonic ancestry]
   136 | D:1      | Reached XP level 2. HP: 22/24 MP: 2/2
   169 | D:1      | Found a faded altar of an unknown god.
   369 | D:1      | Frozen to death by an endoplasm

Illustrated notes

Levels and vault maps discovered:
D:1:      dpeg_arrival_brainrot, layout_basic,
          hellmonk_ecumenical_altar_slurped_away

Skill      XL: |  1 |
---------------+----+-----
Long Blades    | 2 |  2.1
Fighting       | |  3.2
Armour         | |  2.9
Shields        | |  2.9

Action                   || total
-------------------------++-------
Melee: Long sword        ||    54
Armor: Scale mail        ||    21
Dodge: Dodged            ||    31
Block: Buckler           ||    11

Table legend: (Time is in decaauts)
 A = Elapsed time spent in this place.
 B = Non-inter-level travel time spent in this place.
 C = Inter-level travel time spent in this place.
 D = Time resting spent in this place.
 E = Time spent auto-exploring this place.
 F = Levels seen in this place.
 G = Mean time per level.
                   A        B        C        D        E       F      G
               +--------+--------+--------+--------+--------+-----+--------+
         Total |    388 |    388 |      0 |      0 |    268 |   1 |  388.0 |
       Dungeon |    388 |    388 |      0 |      0 |    268 |   1 |  388.0 |
               +--------+--------+--------+--------+--------+-----+--------+

Top non-repeatable levels by time:
     D:1: 388 daAuts
